 Dungeon Crawl Stone Soup version 0.25-b1-46-gb8a1ec0 (webtiles) character file.

Game seed: 16657031966136052340

4316 tboon the Grappler (level 10, -11/91 HPs)
             Began as a Troll Monk on June 10, 2020.
             Was a High Priest of Okawaru.
             Mangled by a six-headed hydra (12 damage)
             ... on level 8 of the Dungeon.
             The game lasted 00:39:44 (8723 turns).

tboon the Grappler (Troll Monk)                     Turns: 8723, Time: 00:39:45

Health: -11/91     AC:  7    Str: 30    XL:     10   Next: 11%
Magic:  9/11       EV: 16    Int:  8    God:    Okawaru [*****.]
Gold:   535        SH:  0    Dex: 16    Spells: 9/9 levels left

rFire    . . .     SeeInvis .   b - +2 mace of Xenolir {freeze, rPois Int+2 Dex+4} (curse)
rCold    . . .     Gourm    +   (no shield)
rNeg     . . .     Faith    .   a - +1 robe
rPois    +         Spirit   .   (helmet restricted)
rElec    .         Reflect  .   (no cloak)
rCorr    .         Harm     .   (gloves unavailable)
MR       +....                  (boots unavailable)
Stlth    ++++......             (no amulet)
HPRegen  0.65/turn              H - ring of protection from magic
MPRegen  0.12/turn              r - +6 ring of strength

@: heroism
A: large, unfitting armour, claws 3, fast metabolism 3, gourmand, regeneration
1, shaggy fur 1, tough skin 3
a: Heroism, Finesse, Renounce Religion


You were on level 8 of the Dungeon.
You worshipped Okawaru.
Okawaru was extremely pleased with you.
You were full.

You visited 1 branch of the dungeon, and saw 8 of its levels.
You also visited: Ossuary.

You collected 535 gold pieces.

Inventory:

Hand Weapons
 b - the cursed +2 mace of Xenolir (weapon) {freeze, rPois Int+2 Dex+4}
   (You found it on level 4 of the Dungeon)

   It has been specially enchanted to freeze those struck by it, causing extra
   injury to most foes and up to half again as much damage against particularly
   susceptible opponents.
   It can also slow down cold-blooded creatures.
   It affects your intelligence (+2).
   It affects your dexterity (+4).
   It protects you from poison.
   It has a curse placed upon it.
 k - a +0 hunting sling
Missiles
 d - 352 stones
 e - 10 javelins
 l - 10 boomerangs
 m - 75 sling bullets
 A - 30 poisoned darts (quivered)
Armour
 a - a +1 robe (worn)
Jewellery
 r - a +6 ring of strength (right claw)
 H - a ring of protection from magic (left claw)
Wands
 B - a wand of flame (22)
 D - a wand of iceblast (8)
 E - a wand of disintegration (17)
Scrolls
 j - 4 scrolls of teleportation
 n - 2 scrolls of magic mapping {unknown}
 o - 3 scrolls of remove curse
 p - a scroll of identify
 u - a scroll of amnesia
Potions
 c - a potion of magic
 g - a potion of heal wounds
 h - 2 potions of resistance
 i - 5 potions of curing
 s - 2 potions of mutation
 t - a potion of lignification
 w - 4 potions of stabbing
 x - a potion of brilliance {unknown}
 z - 2 potions of haste {unknown}
 C - 3 potions of degeneration {unknown}
 F - a potion of invisibility
Comestibles
 f - 21 rations


   Skills:
 + Level 3.5(8.5) Fighting
 * Level 4.0(9.0) Throwing
 + Level 4.7(9.7) Dodging
 - Level 3.1(8.1) Stealth
 + Level 10.5(15.5) Unarmed Combat
 * Level 3.8 Invocations
 * Level 2.7 Evocations


You had 9 spell levels left.
You didn't know any spells.
Your spell library contained the following spells:

 Spells                   Type           Power        Failure   Level  Hunger
 Freeze                   Ice            #...         41%         1    ##.....
 Infusion                 Chrm           #...         41%         1    ##.....
 Shroud of Golubria       Chrm/Tloc      #.....       54%         2    ###....
 Song of Slaying          Chrm           #.......     54%         2    ###....
 Frozen Ramparts          Ice            #.....       78%         3    ####...
 Ozocubu's Armour         Chrm/Ice       #.......     78%         3    ####...
 Spectral Weapon          Hex/Chrm       #.......     78%         3    ####...
 Hailstorm                Conj/Ice       #.......     99%         4    #####..
 Summon Ice Beast         Ice/Summ       #.......     99%         4    #####..


Dungeon Overview and Level Annotations

Branches:
Dungeon (8/15)             Temple (0/1) D:5         Ossuary (visited)
   Lair: D:8-11

Altars:
Dithmenos
Makhleb
Okawaru
Qazlal
Ru
Uskayaw
Yredelemnul
Zin


Innate Abilities, Weirdness & Mutations

You are too large for most types of armour.
You have claws for hands.
Your metabolism is lightning-fast.
You like to eat raw meat.
Your natural rate of healing is unusually fast.
You are covered in fur. (AC +1)
You have extremely tough skin. (AC +3)


Message History

The six-headed hydra completely misses you.
Your magical contamination has completely faded away.
You gain the combat prowess of a mighty hero.
The six-headed hydra barely misses you. The six-headed hydra bites you.
The six-headed hydra misses you.
The six-headed hydra closely misses you.
The six-headed hydra bites you!
* * * LOW HITPOINT WARNING * * *
The six-headed hydra bites you.
* * * LOW HITPOINT WARNING * * *
You sock the six-headed hydra!
The six-headed hydra seems to slow down.
You freeze the six-headed hydra.
The six-headed hydra is heavily wounded.
The six-headed hydra bites you.
* * * LOW HITPOINT WARNING * * *
The six-headed hydra bites you!
* * * LOW HITPOINT WARNING * * *
The six-headed hydra bites you!
You die...

#.#.# #...... #.#.# #...K.. #.#.#
##..### #.#.##### #.....
#.......###################..##.
##..........K..............(.....
.........#################.#...#.
######...###############.......#.
.#...##....(..KD@..........>.....
#.##.##..###############.#...#...
##.##...## #... #<#...#...
.##.##########...#######.#...#...
###..##......................#...
# ####..###...######..##.#.....##
####..#................#.#.......
.............[.).......#.......#.
####..#......[#######..#.........


You could see a six-headed hydra (poisoned, slow) and a big kobold.

Vanquished Creatures
  A hornet (D:8)
  A hippogriff (D:7)
  2 dream sheep (D:8)
  2 yaks (D:8)
  Eustachio (D:4)
  Edmund (D:5)
  2 ice beasts (D:7)
  A sky beast (D:5)
  A phantom (D:8)
  4 ogres
  A crocodile (D:7)
  3 centaurs
  2 big kobolds (D:8)
  2 bullfrogs
  A gnoll sergeant (D:5)
  A water moccasin skeleton (D:7)
  2 scorpions
  A howler monkey (D:4)
  A centaur zombie (D:6)
  4 crimson imps
  A quasit (D:6)
  A centaur skeleton (D:8)
  13 orc wizards
  7 orc priests
  2 hounds
  An iguana (D:6)
  Jessica (D:2)
  Natasha (thrice) (D:3)
  4 worker ants
  A hound zombie (D:7)
  12 mummies (Ossuary)
  A worker ant zombie (D:5)
  4 gnolls (D:5)
  8 adders
  2 oozes
  4 worms
  2 dart slugs (D:1)
  2 leopard geckos
  20 orcs
  3 ball pythons
  10 bats
  4 giant cockroaches
  12 goblins
  6 hobgoblins
  11 jackals
  3 kobolds
  2 quokkas
  6 frilled lizards
  2 gnoll skeletons (Ossuary)
  2 kobold skeletons (Ossuary)
  3 orc skeletons (Ossuary)
  7 rats
  11 rat skeletons (Ossuary)
205 creatures vanquished.

Vanquished Creatures (others)
  An orc skeleton (Ossuary)
1 creature vanquished.

Grand Total: 206 creatures vanquished

Notes
Turn   | Place    | Note
-------+----------+-------------------------------------------
     0 | D:1      | tboon the Troll Monk began the quest for the Orb.
     0 | D:1      | Reached XP level 1. HP: 22/22 MP: 0/0
   125 | D:1      | Reached XP level 2. HP: 28/29 MP: 1/1
   459 | D:1      | Reached XP level 3. HP: 36/36 MP: 2/2
  1128 | D:2      | Found an iron altar of Okawaru.
  1141 | D:2      | Became a worshipper of Warmaster Okawaru
  1141 | D:2      | Reached * piety under Okawaru
  1141 | D:2      | Reached ** piety under Okawaru
  1365 | D:2      | Reached skill level 4 in Unarmed Combat
  1365 | D:2      | Reached XP level 4. HP: 43/44 MP: 3/3
  1510 | D:2      | Noticed Jessica
  1544 | D:2      | Killed Jessica
  2128 | D:3      | Noticed Natasha
  2163 | D:3      | Reached XP level 5. HP: 46/50 MP: 4/4
  2198 | D:3      | Killed Natasha
  2275 | D:3      | Reached skill level 5 in Unarmed Combat
  2293 | D:3      | Noticed Natasha
  2323 | D:3      | Killed Natasha
  2417 | D:3      | Found a shadowy altar of Dithmenos.
  2537 | D:3      | Noticed a centaur
  2563 | D:3      | Killed a centaur
  2563 | D:3      | Reached XP level 6. HP: 40/59 MP: 5/5
  2783 | D:3      | Noticed Natasha
  2823 | D:3      | Killed Natasha
  3133 | D:4      | Found a sacrificial altar of Ru.
  3140 | D:4      | Noticed Eustachio
  3156 | D:4      | Killed Eustachio
  3156 | D:4      | Reached *** piety under Okawaru
  3156 | D:4      | Reached skill level 6 in Unarmed Combat
  3156 | D:4      | Reached XP level 7. HP: 66/66 MP: 6/6
  3501 | D:4      | Found a sand-covered staircase.
  3507 | Ossuary  | Entered an ossuary
  3551 | Ossuary  | Reached skill level 7 in Unarmed Combat
  4011 | D:4      | Found a stormy altar of Qazlal.
  4319 | D:4      | Found a hide-covered altar of Uskayaw.
  4632 | D:5      | Entered Level 5 of the Dungeon
  4679 | D:5      | Reached XP level 8. HP: 69/74 MP: 7/7
  4722 | D:5      | Reached skill level 1 in Invocations
  4857 | D:5      | Found a staircase to the Ecumenical Temple.
  4957 | D:5      | Reached skill level 8 in Unarmed Combat
  5061 | D:5      | Noticed Edmund
  5065 | D:5      | Killed Edmund
  5129 | D:5      | Found a basalt altar of Yredelemnul.
  5261 | D:5      | Found a glowing silver altar of Zin.
  5261 | D:5      | Found a burning altar of Makhleb.
  5262 | D:5      | Noticed an Executioner
  5262 | D:5      | Noticed an angel
  5733 | D:6      | Reached skill level 9 in Unarmed Combat
  6098 | D:6      | Reached **** piety under Okawaru
  6479 | D:7      | Reached skill level 1 in Evocations
  6513 | D:7      | Reached XP level 9. HP: 43/83 MP: 9/9
  6728 | D:7      | Reached skill level 1 in Throwing
  7401 | D:7      | Reached skill level 10 in Unarmed Combat
  8161 | D:8      | Found a basalt altar of Yredelemnul.
  8238 | D:8      | Reached ***** piety under Okawaru
  8244 | D:8      | Reached XP level 10. HP: 91/91 MP: 11/11
  8295 | D:8      | Noticed a three-headed hydra
  8534 | D:4      | Got a translucent mace
  8535 | D:4      | Identified the cursed +2 mace of Xenolir {freeze, rPois
                  | Int+2 Dex+4} (You found it on level 4 of the Dungeon)
  8723 | D:8      | HP: 1/91 [six-headed hydra (16)]
  8723 | D:8      | Mangled by a six-headed hydra

Illustrated notes

Levels and vault maps discovered:
D:1:      grunt_arrival_crossed_arrows, layout_loops_cross,
          minmay_close_crescents
D:2:      layout_basic, okawaru_gym_becter, uniq_jessica
D:3:      layout_loops_corners, old_standard_altar, uniq_natasha
D:4:      layout_layer_cave, kennysheep_mini_moat, grunt_qazlal_sundering,
          nicolae_ossuary_entry_ruins, dk_noncrumbling_2,
          nicolae_ru_sacrificial_ziggurat, uniq_eustachio
D:5:      layout_loops_corners, grunt_temple_overflow_order_and_chaos_2,
          minmay_temple_entry_sparse_star, first_ration,
          yredelemnul_altar_generic, uniq_edmund
D:6:      layout_loops_ring
D:7:      layout_layer_cave
D:8:      layout_basic, marbit_many_paths, nicolae_overflow_quartered_altars,
          hangedman_ranch [blue_anna_fruit_fields]

Skill      XL: |  1  2  3  4  5  6  7  8  9 10 |
---------------+-------------------------------+-----
Unarmed Combat | 4 5 6 7 9 10 | 10.5
Dodging        | 3 4 |  4.7
Stealth        | 2 3 |  3.1
Invocations    | 2 3 |  3.8
Fighting       | 3 |  3.5
Evocations     | 1 2 |  2.7
Throwing       | 3 4 |  4.0

Action                   |  1- 3 |  4- 6 |  7- 9 | 10-12 || total
-------------------------+-------+-------+-------+-------++-------
Melee: Unarmed           |   105 |    96 |   366 |    17 ||   584
       Punch             |       |     1 |    15 |     1 ||    17
       Mace              |       |       |       |     5 ||     5
Throw: Stone             |     1 |       |       |       ||     1
       Dart              |       |       |    39 |    11 ||    50
Invok: Heroism           |       |     1 |     9 |     3 ||    13
Evoke: Wand              |       |       |       |     1 ||     1
  Use: Scroll            |       |     5 |    12 |     3 ||    20
       Potion            |       |       |       |     2 ||     2
 Stab: Sleeping          |     6 |     4 |     7 |       ||    17
  Eat: Chunk             |    18 |    16 |    43 |     2 ||    79
       Ration            |       |       |     1 |       ||     1
Armor: Robe              |    45 |    11 |    84 |     9 ||   149
Dodge: Dodged            |    55 |    36 |   120 |    27 ||   238
